 Dungeon Crawl Stone Soup version 0.31.0-12-g77e489cdc1 (webtiles) character file.

Game seed: 18336434078616926308

75166 Peloso the Fencer (level 15, -2/141 HPs)
             Began as a Minotaur Fighter on Feb 28, 2024.
             Was a High Priest of Okawaru.
             Succumbed to Nienwumo's ghost's poison
             ... on level 2 of the Lair of Beasts.
             The game lasted 00:41:09 (24719 turns).

Peloso the Fencer (Minotaur Fighter)               Turns: 24719, Time: 00:41:10

Health: -2/141     AC: 23    Str: 27    XL:     15   Next: 8%
Magic:  15/15      EV: 10    Int:  7    God:    Okawaru [*****.]
Gold:   1844       SH:  0    Dex: 15    Spells: 14/14 levels left

rFire   + . .        a - +7 scimitar (spect)
rCold   . . .        d - +0 kite shield
rNeg    . . .        A - +0 plate armour
rPois   .            M - +1 hat
rElec   .            k - +1 cloak
rCorr   .            i - +1 pair of gloves
SInv    +            (no boots)
Will    ++...        U - amulet "Fuimn" {RegenMP Will+ Str+4 Int+2} Stlth
                     j - ring of protection from fire
HPRegen 0.43/turn    t - ring of see invisible
MPRegen 0.54/turn

%: no passive effects
@: confused, lethally poisoned (-2 -> -33), ambrosia-drunk, studying Fire Magic
A: horns 2, retaliatory headbutt
a: Renounce Religion, Heroism, Finesse, Duel


You were on level 2 of the Lair of Beasts.
You worshipped Okawaru.
Okawaru was extremely pleased with you.
You visited 4 branches of the dungeon, and saw 22 of its levels.

You collected 2210 gold pieces.
You spent 366 gold pieces at shops.

Inventory:

Hand Weapons
 a - a +7 spectral scimitar (weapon)
 b - the +8 long sword of Evaec {flame, Will- Str+4 SInv}
   (You found it on level 4 of the Dungeon)

   Str+4:     It affects your strength (+4).
   Will-:     It decreases your willpower.
   SInv:      It lets you see invisible.
 c - a +3 scimitar of flaming
Armour
 d - a +0 kite shield (worn)
 i - a +1 pair of gloves (worn)
 k - a +1 cloak (worn)
 v - a +0 chain mail of fire resistance
 A - a +0 plate armour (worn)
 M - a +1 hat (worn)
Jewellery
 j - a ring of protection from fire (left hand)
 n - a +6 ring of strength
 t - a ring of see invisible (right hand)
 u - a ring of fire
 z - an amulet of guardian spirit
 D - a +4 ring of protection
 Q - a ring of ice
 R - a ring of poison resistance
 U - the amulet "Fuimn" (around neck) {RegenMP Will+ Str+4 Int+2}
   (You found it on level 4 of the Lair of Beasts)

   [amulet of magic regeneration]

   RegenMP:   It increases your rate of magic regeneration.
   Str+4:     It affects your strength (+4).
   Int+2:     It affects your intelligence (+2).
   Will+:     It increases your willpower.
Wands
 y - a wand of flame (69)
 B - a wand of acid (27)
 C - a wand of paralysis (11)
 E - a wand of digging (2)
 J - a wand of roots (14)
 V - a wand of mindburst (6)
Scrolls
 e - a scroll of teleportation
 g - 2 scrolls of revelation
 l - 3 scrolls of brand weapon
 m - 2 scrolls of immolation
 o - 4 scrolls of fog
 p - a scroll of blinking
 q - 3 scrolls of fear
 r - 4 scrolls of enchant armour
 w - 3 scrolls of enchant weapon
 x - 4 scrolls of amnesia
 I - 3 scrolls of poison
Potions
 f - 4 potions of might
 h - 2 potions of berserk rage
 F - 3 potions of mutation
 G - 4 potions of brilliance
 H - a potion of magic
 L - 2 potions of enlightenment
 T - a potion of invisibility


   Skills:
 + Level 15.1 Fighting
 + Level 17.3 Long Blades
 + Level 15.7 Armour
 + Level 5.1 Dodging
 + Level 4.2 Stealth
 + Level 15.6 Shields
 + Level 1.3 Invocations


You had 14 spell levels left.
You didn't know any spells.
Your spell library contained the following spells:

 Spells                   Type           Power      Damage    Failure   Level
 Static Discharge         Conj/Air       0%         3-3/arc   99%         2
 Inner Flame              Hex/Fire       0%         N/A       100%        3
 Ozocubu's Armour         Ice            0%         N/A       100%        3
 Airstrike                Air            0%         2d(0-16)  100%        4
 Manifold Assault         Tloc           0%         N/A       100%        4
 Irradiate                Conj/Alch      0%         3d11      100%        5
 Metabolic Englaciation   Hex/Ice        0%         N/A       100%        5
 Dispersal                Tloc           0%         N/A       100%        6
 Disjunction              Tloc           0%         N/A       100%        8
 Ignition                 Fire           0%         3d3       100%        8
 Summon Lightning Spire   Summ/Air       Unusable   N/A       N/A         4
 Sculpt Simulacrum        Ice/Alch       Unusable   N/A       N/A         6

Dungeon Overview and Level Annotations

Branches:
Dungeon (14/15)            Temple (1/1) D:5            Lair (5/5) D:8
  Swamp (0/4) Lair:2       Spider (0/4) Lair:3        Slime (0/5) Lair:5
    Orc (2/2) D:11            Elf (0/3) Orc:2
 Vaults: D:13-14

Altars:
Ashenzari
Cheibriados
Dithmenos
Elyvilon
Fedhas
Gozag
Hepliaklqana
Kikubaaqudgha
Makhleb
Nemelex Xobeh
Okawaru
Qazlal
Ru
Sif Muna
Trog
Uskayaw
Vehumet
Wu Jian
Xom
Yredelemnul
Zin
The Shining One
Jiyva

Shops:
D:6 :   D:10 *   D:13 ?   Orc:2 (?!(

Annotations:
Lair:2 Nienwumo's ghost, journeyman OnGl
Lair:4 2 transporters, Baz's ghost, journeyman MiHu


Innate Abilities, Weirdness & Mutations

You have a pair of horns on your head.
You reflexively headbutt those who attack you in melee.


Message History

Nienwumo's ghost is lightly damaged.
Your +7 spectral scimitar misses Nienwumo's ghost.
You feel like a meek peon again.
* * * LOW HITPOINT WARNING * * *
You feel very sick.
Unknown command.
You closely miss Nienwumo's ghost.
You headbutt Nienwumo's ghost, but do no damage.
Nienwumo's ghost is lightly damaged.
Your +7 spectral scimitar completely misses Nienwumo's ghost.
* * * LOW HITPOINT WARNING * * *
You feel very sick. You block Nienwumo's ghost's attack.
You closely miss Nienwumo's ghost.
Nienwumo's ghost is lightly damaged.
Your +7 spectral scimitar hits Nienwumo's ghost but does no damage.
* * * LOW HITPOINT WARNING * * *
You feel very sick. Nienwumo's ghost barely misses you.
You feel much better.
Your +7 spectral scimitar disappears.
* * * LOW HITPOINT WARNING * * *
You feel very sick.
Nienwumo's ghost hits you but does no damage.
You are lethally poisoned!
You feel better. Nienwumo's ghost hits you.
* * * LOW HITPOINT WARNING * * *
As you read the scroll of teleportation, it crumbles to dust.
You feel strangely unstable. Nienwumo's ghost hits you!!
* * * LOW HITPOINT WARNING * * *
You are lethally poisoned!
Okay, then.
You are confused.
You feel invigorated.
* * * LOW HITPOINT WARNING * * *
You feel extremely sick.
Nienwumo's ghost hits you but does no damage.
You are more poisoned.
Your surroundings suddenly seem different.
You die...

#.........P....##...
##.............#..#.
#...................
##.....♣.♣.♣.♣.......
#...............#....
##.....♣.♣.♣.♣..###..
##..........#### #..
#.........### #..
##.@......# #..
#.........# ##..
###........## #...
#...........# ###...
###........## #.#...
#.......## ##....
#......## #....
##....## #....
##.....# #### ##...


There were no monsters in sight!

Vanquished Creatures
  Rupert (D:12)
  Gastronok (Lair:2)
  An ettin (Orc:1)
  The ghost of tykejmi the Protected, a journeyman MiMo (D:11)
  The ghost of Duaji the Blocker, a journeyman GrFi of Okawaru (Lair:2)
  An ogre mage (D:11)
  7 hydras
  Fannar (Lair:2)
  3 catoblepae
  2 boulder beetles (D:12)
  A two-headed ogre (D:10)
  2 hell hogs (Lair:5)
  3 orc high priests (Orc:2)
  A death yak (Lair:4)
  Urug (Lair:2)
  A deep elf knight (D:11)
  Amaemon (D:9)
  A fire crab (Lair:5)
  5 skeletal warriors (D:12)
  An arcanist (D:12)
  A lindwurm (Lair:3)
  2 bog bodies
  6 orc knights
  An ugly thing (D:13)
  2 deep elf pyromancers
  5 orc sorcerers
  An oklob plant (Lair:5)
  2 cyclopes
  A manticore (D:13)
  13 elephants
  A meliai (Lair:3)
  2 kobold blastminers (Orc:2)
  An orange demon (D:9)
  6 black mambas (Lair:5)
  2 gargoyles (D:13)
  2 molten gargoyles (Lair:5)
  Maggie (D:6)
  An unseen horror (D:13)
  7 cane toads
  6 kobold demonologists
  11 rime drakes
  11 komodo dragons
  A freezing wraith (Lair:4)
  An efreet (D:13)
  4 ice devils (Lair:4)
  4 trolls
  Psyche (D:12)
  A polar bear (Lair:4)
  Prince Ribbit (D:9)
  Grinder (D:3)
  4 blink frogs (Lair:4)
  4 slime creatures (D:12)
  3 shadows
  A vampire (D:10)
  38 yaks
  14 wyverns
  3 basilisks
  8 vampire mosquitoes
  A warg (Orc:2)
  A steam dragon (Lair:5)
  Edmund (D:5)
  3 acid dragons
  11 water moccasins
  6 hell hounds
  14 orc warriors
  A sky beast (D:5)
  4 ice beasts
  4 black bears
  20 wolves
  4 ogres
  4 centaurs
  3 kobold brigands
  14 bullfrogs
  5 scorpions
  A gnoll sergeant (D:10)
  13 wights
  An elephant simulacrum (Lair:4)
  5 killer bees (Lair:3)
  4 howler monkeys
  5 lava snakes (Lair:5)
  4 jellies
  3 hounds
  17 orc priests
  2 gnoll boudas
  Crazy Yiuf (D:3)
  A sleepcap (D:5)
  2 iguanas
  23 orc wizards
  A troll simulacrum (Lair:4)
  9 hell rats
  A wolf simulacrum (Lair:4)
  Robin (D:3)
  17 gnolls
  8 adders
  2 naga simulacra (Lair:4)
  A white imp (D:5)
  5 dart slugs
  4 ribbon worms
  64 orcs
  9 ball pythons
  9 endoplasms
  17 goblins
  7 hobgoblins
  9 jackals
  4 quokkas
  10 bats
  3 frilled lizards
  17 kobolds
  9 rats
  A spectral goblin (D:4)
  A butterfly (Lair:5)
597 creatures vanquished.

Vanquished Creatures (others)
  An unseen horror (D:13)
  3 orc wizards
  An orc (Orc:2)
  8 spectral weapons
13 creatures vanquished.

Grand Total: 610 creatures vanquished

Notes
Turn   | Place    | Note
-------+----------+-------------------------------------------
     0 | D:1      | Peloso the Minotaur Fighter began the quest for the Orb.
     0 | D:1      | Reached XP level 1. HP: 19/19 MP: 0/0
   153 | D:1      | Reached XP level 2. HP: 26/27 MP: 1/1
   900 | D:2      | Reached XP level 3. HP: 31/33 MP: 2/2
  1165 | D:2      | Reached skill level 3 in Long Blades
  1189 | D:2      | Found a faded altar of an unknown god.
  1403 | D:3      | Noticed Grinder
  1409 | D:3      | Reached skill level 1 in Dodging
  1409 | D:3      | Reached XP level 4. HP: 36/40 MP: 3/3
  1415 | D:3      | Killed Grinder
  1416 | D:3      | Reached skill level 4 in Long Blades
  1416 | D:3      | Reached XP level 5. HP: 6/47 MP: 4/4
  1416 | D:3      | Reached XP level 6. HP: 7/53 MP: 5/5
  1774 | D:3      | Reached skill level 5 in Armour
  1896 | D:3      | Found a sparkling altar of Nemelex Xobeh.
  1927 | D:3      | Noticed Robin
  1956 | D:3      | Killed Robin
  2092 | D:3      | Found a runed translucent door.
  2093 | D:3      | Noticed Crazy Yiuf
  2625 | D:4      | Identified the +8 long sword of Evaec {flame, Will- Str+4
                  | SInv}
  2639 | D:4      | Reached skill level 5 in Long Blades
  2639 | D:4      | Reached skill level 5 in Shields
  2729 | D:4      | Reached skill level 5 in Fighting
  2729 | D:4      | Reached XP level 7. HP: 61/61 MP: 6/6
  2816 | D:4      | Found a stormy altar of Qazlal.
  3115 | D:4      | Reached skill level 6 in Long Blades
  3285 | D:4      | Found a hazy altar of Hepliaklqana.
  3363 | D:5      | Entered Level 5 of the Dungeon
  3490 | D:5      | Found a staircase to the Ecumenical Temple.
  3514 | D:5      | Reached skill level 7 in Long Blades
  3541 | D:5      | Reached XP level 8. HP: 32/70 MP: 7/7
  3889 | D:5      | Reached skill level 8 in Long Blades
  3938 | D:5      | Found a white marble altar of Elyvilon.
  4083 | D:5      | Noticed Edmund
  4087 | D:5      | Killed Edmund
  4466 | Temple   | Entered the Ecumenical Temple
  4527 | D:6      | Reached skill level 9 in Long Blades
  4601 | D:6      | Reached XP level 9. HP: 58/78 MP: 8/8
  4821 | D:6      | Noticed Maggie
  4838 | D:6      | Killed Maggie
  5029 | D:6      | Reached skill level 10 in Long Blades
  5029 | D:6      | Reached skill level 1 in Stealth
  5060 | D:6      | Found Jaladdocw's Book Emporium.
  5072 | D:6      | Noticed a troll
  5077 | D:6      | Killed a troll
  5177 | D:6      | Found a sacrificial altar of Ru.
  5193 | D:6      | Found an iron altar of Okawaru.
  5198 | D:6      | Became a worshipper of Warmaster Okawaru
  5417 | D:7      | Found an opulent altar of Gozag.
  5444 | D:7      | Found a glowing silver altar of Zin.
  5638 | D:7      | Reached skill level 11 in Long Blades
  5891 | D:7      | Found a bloodstained altar of Trog.
  5933 | D:7      | Reached * piety under Okawaru
  6064 | D:8      | Reached XP level 10. HP: 88/88 MP: 9/9
  6408 | D:8      | Noticed an elephant
  6439 | D:8      | Killed an elephant
  6691 | D:8      | Found a staircase to the Lair.
  6695 | D:8      | Reached ** piety under Okawaru
  6696 | D:8      | Reached skill level 12 in Long Blades
  7378 | D:9      | Reached *** piety under Okawaru
  7506 | D:9      | Noticed Amaemon
  7512 | D:9      | Noticed an orange demon
  7516 | D:9      | Killed Amaemon
  7523 | D:9      | Killed an orange demon
  7747 | D:9      | Reached **** piety under Okawaru
  7822 | D:9      | Reached skill level 13 in Long Blades
  7826 | D:9      | Reached skill level 10 in Armour
  7826 | D:9      | Reached XP level 11. HP: 84/97 MP: 10/10
  8196 | D:9      | Noticed Prince Ribbit
  8213 | D:9      | Killed Prince Ribbit
  8618 | D:10     | Entered Level 10 of the Dungeon
  8654 | D:10     | Noticed a two-headed ogre
  8678 | D:10     | Killed a two-headed ogre
  8999 | D:10     | Found Mutummi's Changing Room.
  9031 | D:10     | Reached ***** piety under Okawaru
  9291 | D:10     | Found an ornate altar of the Wu Jian Council.
  9408 | D:10     | Reached skill level 14 in Long Blades
  9933 | D:11     | Noticed a deep elf knight
  9934 | D:11     | Found a transporter.
  9935 | D:11     | Noticed tykejmi's ghost (journeyman MiMo)
  9938 | D:11     | Noticed a deep elf pyromancer
  9942 | D:11     | Found a transporter.
  9951 | D:11     | Noticed an ogre mage
  9957 | D:11     | Found a staircase to the Orcish Mines.
 10009 | D:11     | Reached skill level 10 in Fighting
 10619 | D:12     | Noticed a sixfirhy
 10636 | D:12     | Received a gift from Okawaru
 10779 | D:12     | You fall into a shaft and drop 2 floors!
 10784 | D:13     | Noticed a catoblepas
 10784 | D:13     | Noticed a cyan ugly thing
 10798 | D:13     | Noticed a soul eater
 10800 | D:13     | Noticed a sun demon
 10802 | D:13     | Noticed a sun demon
 10810 | D:13     | Killed a catoblepas
 10817 | D:13     | Killed a cyan ugly thing
 10818 | D:13     | Reached skill level 10 in Shields
 10833 | D:13     | Noticed a soul eater
 10864 | D:13     | Noticed a soul eater
 10880 | D:13     | HP: 5/101 [poisoned by a kobold demonologist]
 11088 | D:13     | Reached XP level 12. HP: 80/110 MP: 11/11
 11198 | D:13     | Noticed a catoblepas
 11199 | D:13     | Noticed a boulder beetle
 11201 | D:13     | Noticed Rupert
 11298 | D:12     | Received a gift from Okawaru
 11584 | D:12     | Noticed a boulder beetle
 11603 | D:12     | Killed a boulder beetle
 11786 | D:12     | Noticed Psyche
 11796 | D:12     | Killed Psyche
 11797 | D:12     | Reached skill level 15 in Long Blades
 11914 | D:12     | Received a gift from Okawaru
 12097 | Lair:1   | Entered Level 1 of the Lair of Beasts
 13129 | Lair:2   | Noticed Fannar
 13142 | Lair:2   | Killed Fannar
 13531 | Lair:2   | Found a runed translucent gate.
 13531 | Lair:2   | Found a runed translucent gate.
 13532 | Lair:2   | Found a runed translucent gate.
 13536 | Lair:2   | Noticed Gastronok
 13541 | Lair:2   | Noticed Duaji's ghost (journeyman GrFi)
 13541 | Lair:2   | Noticed Nienwumo's ghost (journeyman OnGl)
 13586 | Lair:2   | Killed Gastronok
 13587 | Lair:2   | Reached skill level 1 in Invocations
 13717 | Lair:2   | Noticed Urug
 13726 | Lair:2   | Killed Urug
 13727 | Lair:2   | Reached XP level 13. HP: 73/119 MP: 5/12
 13887 | Lair:2   | Found a staircase to the Swamp.
 14363 | Lair:3   | Found a hole to the Spider Nest.
 14366 | Lair:3   | Received a gift from Okawaru
 14973 | Lair:3   | Received a gift from Okawaru
 15837 | D:3      | Killed Crazy Yiuf
 16053 | D:11     | Killed tykejmi's ghost
 16380 | Orc:1    | Entered Level 1 of the Orcish Mines
 16661 | Orc:1    | Noticed an ettin
 16670 | Orc:1    | Killed an ettin
 16671 | Orc:1    | Reached skill level 16 in Long Blades
 17396 | Orc:2    | Entered Level 2 of the Orcish Mines
 17698 | Orc:2    | Found a staircase to the Elven Halls.
 17879 | Orc:2    | Found Mach's Weapon Boutique.
 18294 | Orc:2    | Reached ****** piety under Okawaru
 18294 | Orc:2    | Received a gift from Okawaru
 18304 | Orc:2    | Reached XP level 14. HP: 88/130 MP: 11/13
 18446 | Orc:2    | Found Luor's Magic Scroll Boutique.
 18452 | Orc:2    | Paralysed by an orc sorcerer for 2 turns
 18583 | Orc:2    | Found Osoraxoh's Weapon Shoppe.
 18583 | Orc:2    | Found Umuf's Distillery.
 18592 | Orc:2    | Bought a potion of haste for 120 gold pieces
 18602 | Orc:2    | Bought a scroll of brand weapon for 114 gold pieces
 18602 | Orc:2    | Bought a scroll of identify for 24 gold pieces
 18602 | Orc:2    | Bought a scroll of poison for 48 gold pieces
 18810 | D:12     | Killed Rupert
 19672 | D:13     | Found Aheneddee's Magic Scroll Boutique.
 19677 | D:13     | Bought a scroll of identify for 30 gold pieces
 19677 | D:13     | Bought a scroll of identify for 30 gold pieces
 20044 | Lair:4   | Found a transporter.
 20057 | Lair:4   | Noticed Baz's ghost (journeyman MiHu)
 20385 | Lair:4   | Received a gift from Okawaru
 20438 | Lair:4   | Identified the amulet "Fuimn" {RegenMP Will+ Str+4 Int+2}
 20542 | Lair:4   | Reached skill level 15 in Armour
 20545 | Lair:4   | Found a transporter.
 20911 | Lair:4   | HP: 2/133 [elephant (9)]
 21263 | Lair:4   | Reached skill level 15 in Shields
 21772 | Lair:5   | Entered Level 5 of the Lair of Beasts
 21781 | Lair:5   | Received a gift from Okawaru
 21818 | Lair:5   | Found a blossoming altar of Fedhas.
 22027 | Lair:5   | Found a staircase to the Slime Pits.
 22027 | Lair:5   | Found a viscous altar of Jiyva.
 22845 | Lair:5   | Reached skill level 17 in Long Blades
 23468 | Lair:5   | Reached skill level 5 in Dodging
 23498 | Lair:5   | Received a gift from Okawaru
 23514 | Lair:5   | Reached skill level 15 in Fighting
 23544 | Lair:5   | Reached XP level 15. HP: 78/141 MP: 14/14
 23802 | Lair:5   | Found a large runed translucent door.
 23802 | Lair:5   | Found a large runed translucent door.
 24710 | Lair:2   | Killed Duaji's ghost
 24713 | Lair:2   | HP: 7/141 [poisoned by Nienwumo's ghost]
 24714 | Lair:2   | HP: 3/141 [poisoned by Nienwumo's ghost]
 24719 | Lair:2   | Succumbed to Nienwumo's ghost's poison

Illustrated notes

Levels and vault maps discovered:
D:1:      lemuel_arrival_rhombus, layout_basic
D:2:      layout_rooms, hellmonk_ecumenical_altar_leap_of_faith
D:3:      layout_loops_cross, lemuel_round_altar, minmay_fractal_squares_5,
          uniq_robin, uniq_grinder, uniq_crazy_yiuf_cottage
D:4:      layout_loops_corners, nicolae_qazlal_scattered_showers,
          nicolae_hepliaklqana_monster_ancestors
D:5:      layout_loops_cross, elyvilon_altar_1,
          minmay_temple_entry_from_below_a, chequers_serial_rivers_marsh,
          minmay_manual_maat, uniq_edmund
D:6:      layout_loops_ring, mainiacjoe_overflow_big_doors, serial_shops, shop,
          uniq_maggie
D:7:      layout_basic, pdpol_temple_overflow_zin_treasury_gozag_greed,
          trog_book
D:8:      layout_loops_corners, grunt_lair_entry_orc_guard_hut, serial_aquarium,
          aquarium_bridge_straight [aquarium_subvault_bridge,
          aquarium_subvault_balcony, aquarium_subvault_bridge,
          aquarium_subvault_wall], aquarium_bridge_straight
          [aquarium_subvault_bridge, aquarium_subvault_window,
          aquarium_subvault_bridge, aquarium_subvault_wall],
          aquarium_window_fake, aquarium_window_1, aquarium_window_corridor_2,
          aquarium_view_2b
D:9:      layout_loops_corners, uniq_prince_ribbit1, uniq_amaemon
D:10:     layout_basic, nicolae_wu_jian_immortal_techniques,
          minmay_misc_feat_columns, nicolae_transmutations_shop
D:11:     layout_loops_ring, david_orc_2, gammafunk_ghost_arena
D:12:     layout_basic, uniq_psyche
D:13:     layout_rooms, serial_shops, nicolae_shop_back_alley_shop,
          hangedman_abyss_or_decor_passed, uniq_rupert
D:14:     layout_loops_ring, skrybe_vaults_entry_preservation
Temple:   minmay_temple_bridge_abc
Lair:1:   layout_cave_pods, nicolae_quartered_pool_impasse
Lair:2:   layout_gridlike, skrybe_swamp_entry_bodies, serial_forest,
          infiniplex_forest_straight_3, infiniplex_forest_straight_2,
          infiniplex_forest_zigzag_1, infiniplex_forest_clump_cross,
          infiniplex_forest_clump_C, infiniplex_forest_join,
          infiniplex_forest_lined_2, infiniplex_forest_lined_2,
          infiniplex_forest_lined_3, gammafunk_ghost_cemetery,
          minmay_hedge_maze, beast_lair_carwin_5, uniq_gastronok, uniq_urug,
          uniq_fannar
Lair:3:   layout_roguey [special_room_mythical_zoo],
          hellmonk_spider_entry_not_the_bees, lemuel_fruit_fields,
          lemuel_fruit_fields
Lair:4:   dreamdust_isle_of_ice, layout_concentric_octagons, nzn_ghost_randoct
Lair:5:   cheibrodos_lair_end_hotspot, layout_loops_ring, slime_entry_1,
          mumra_transporter_accident, tgw_fedhas
Orc:1:    layout_diamond_mine
Orc:2:    st_orc_elflike, layout_caves, basic_altar

Skill      XL: |  1  2  3  4  5  6  7  8  9 10 11 12 13 14 |
---------------+-------------------------------------------+-----
Shields        | 4 5 6 7 8 10 12 13 15 | 15.6
Fighting       | 4 5 6 8 9 11 12 13 15 | 15.1
Armour         | 4 5 6 7 8 10 11 12 14 15 | 15.7
Long Blades    | 3 4 5 7 9 11 13 14 15 16 17 | 17.3
Dodging        | 1 2 3 4 5 |  5.1
Stealth        | 1 2 3 4 |  4.2
Invocations    | 1 |  1.3

Action                     |  1- 3 |  4- 6 |  7- 9 | 10-12 | 13-15 || total
---------------------------+-------+-------+-------+-------+-------++-------
  Melee: Long sword        |   110 |   109 |   219 |   163 |   137 ||   738
         Headbutt          |    18 |    15 |    27 |   132 |   211 ||   403
         Scimitar          |       |       |       |   427 |   610 ||  1037
 Invoke: Heroism           |       |       |       |     7 |     8 ||    15
    Use: Scroll            |     2 |       |     5 |     6 |    14 ||    27
         Potion            |     1 |     1 |     1 |     3 |     8 ||    14
   Stab: Distracted        |       |       |       |     4 |    15 ||    19
         Petrified         |       |       |       |       |     2 ||     2
 Armour: Scale mail        |    76 |    70 |    97 |       |       ||   243
         Plate armour      |       |       |    53 |   351 |   604 ||  1008
  Dodge: Dodged            |    54 |    46 |    82 |   117 |   209 ||   508
  Block: Buckler           |    22 |       |       |       |       ||    22
         Kite shield       |    28 |    68 |    93 |   313 |   482 ||   984
